 Dungeon Crawl Stone Soup version 0.25-a0-163-g00f8f0cddd (webtiles) character file.

Game seed: 18296205482412067702, levelgen mode: deterministic

23 Esberlond the Bolt Thrower (level 2, -3/26 HPs)
             Began as a Deep Dwarf Hunter on Nov 22, 2019.
             Slain by a goblin
             ... wielding a +0 dagger
             ... led by Robin
              (5 damage)
             ... on level 2 of the Dungeon.
             The game lasted 00:02:39 (346 turns).

Esberlond the Bolt Thrower (Deep Dwarf Hunter)       Turns: 346, Time: 00:02:40

Health: -3/26      AC:  3    Str: 15    XL:     2   Next: 75%
Magic:  2/2        EV: 12    Int: 11    God:
Gold:   61         SH:  0    Dex: 13    Spells: 1/1 levels left

rFire    . . .     SeeInvis .   a - +1 hand crossbow
rCold    . . .     Gourm    .   (no shield)
rNeg     . . .     Faith    .   c - +0 leather armour
rPois    .         Spirit   .   (no helmet)
rElec    .         Reflect  .   (no cloak)
rCorr    .         Harm     .   (no gloves)
MR       .....                  (no boots)
Stlth    +.........             (no amulet)
HPRegen  0.00/turn              (no ring)
MPRegen  0.08/turn              (no ring)

@: non-regenerating
A: damage resistance, heal wounds, sense surroundings 1, no regeneration
a: Heal Wounds


You were on level 2 of the Dungeon.
You were not hungry.

You visited 1 branch of the dungeon, and saw 2 of its levels.

You collected 61 gold pieces.

Inventory:

Hand Weapons
 a - a +1 hand crossbow (weapon)
 b - a +0 short sword
 g - a +0 mace of holy wrath
Missiles
 d - 3 bolts (quivered)
Armour
 c - a +0 leather armour (worn)
Jewellery
 e - an uncursed ring of protection from magic
Comestibles
 f - 2 rations


   Skills:
 + Level 1.8 Fighting
 + Level 5.2 Crossbows
 + Level 2.4 Dodging
 + Level 1.2 Stealth


You had one spell level left.
You didn't know any spells.
Your spell library was empty.

Dungeon Overview and Level Annotations

Branches:
Dungeon (2/15)

Altars:

Annotations:
D:2 Robin


Innate Abilities, Weirdness & Mutations

You are resistant to damage.
You can heal yourself by infusing magical energy.
You passively map a small area around you.
You do not regenerate.


Message History

The goblin closely misses you. The goblin hits you but does no damage.
The goblin hits you with a +0 club.
Unknown command.
Unknown command.
Firing (i - inventory)
d - 5 bolts (quivered)
Press: ? - help, Shift-Dir - straight line, f/p - goblin
Aim: a goblin, wielding a +0 club (unusually strong)
You shoot a bolt. The bolt closely misses the goblin.
Robin closely misses you. The goblin barely misses you.
The goblin closely misses you. The goblin hits you with a +0 dagger.
* * * LOW HITPOINT WARNING * * *
The goblin closely misses you.
Firing (i - inventory)
d - 4 bolts (quivered)
Press: ? - help, Shift-Dir - straight line, f/p - goblin
Aim: a goblin, wielding a +0 club (unusually strong)
You shoot a bolt. The bolt barely misses the goblin.
The goblin misses you. Robin hits you but does no damage.
The goblin hits you with a +0 dagger.
* * * LOW HITPOINT WARNING * * *
The goblin hits you with a +0 dagger.
You die...

#....,#.# #.#
*#.... #.# #.# *
#.#. #.# #.# , ,
, #.#. #.# #.#
*,* , *#.# #.# ,
,#.###.## , *
#.##...# * *
#.##.(g####, , *
#..g)@g..(#
#......gg......
,
...#........#.#*
, ..
###...####,# .
#.... , ######*


You could see Robin and 4 goblins.

Vanquished Creatures
  A dart slug (D:2)
  A giant cockroach (D:2)
  7 goblins (D:2)
  2 hobgoblins (D:2)
  2 jackals (D:2)
  A kobold (D:2)
  2 bats (D:2)
  A rat (D:2)
17 creatures vanquished.

Notes
Turn   | Place    | Note
-------+----------+-------------------------------------------
     0 | D:1      | Esberlond the Deep Dwarf Hunter began the quest for the
                  | Orb.
     0 | D:1      | Reached XP level 1. HP: 19/19 MP: 1/1
   218 | D:2      | Reached XP level 2. HP: 26/26 MP: 2/2
   240 | D:2      | Reached skill level 5 in Crossbows
   334 | D:2      | Noticed Robin
   346 | D:2      | Slain by a goblin

Levels and vault maps discovered:
D:1:      dpeg_arrival_castle, layout_loops_ring, st_stairs_1
D:2:      layout_loops_ring, first_ration, minmay_misc_feat_diagonals,
          uniq_crazy_yiuf_cottage, uniq_robin, uniq_natasha

Skill      XL: |  1  2 |
---------------+-------+-----
Crossbows      | 5 |  5.2
Fighting       | |  1.8
Dodging        | |  2.4
Stealth        | |  1.2

Action                   || total
-------------------------++-------
 Fire: Hand crossbow     ||    44
  Use: Scroll            ||     1
       Potion            ||     1
Armor: Leather armour    ||    18
Dodge: Dodged            ||    48

Table legend:
 A = Non-vault XP
 B = Vault XP
 C = Vault XP percentage of total XP
 D = Non-vault monster count
 E = Vault monster count
 F = Vault count percentage of total count
                 A         B        C        D         E       F
            +---------+---------+-------+---------+---------+-------
      Total |      20 |      14 |  41.2 |      10 |       7 |  41.2
            +---------+---------+-------+---------+---------+-------
        D:2 |      20 |      14 |  41.2 |      10 |       7 |  41.2
            +---------+---------+-------+---------+---------+-------
